 Dungeon Crawl Stone Soup version 0.21.0-3-g78d12a8 (webtiles) character file.

17 letownia2 the Magician (level 2, -4/14 HPs)
             Began as a Vine Stalker Wizard on Jan 12, 2018.
             Slain by a worker ant (6 damage)
             ... on level 4 of the Dungeon.
             The game lasted 00:04:11 (1272 turns).

letownia2 the Magician (Vine Stalker Wizard)        Turns: 1272, Time: 00:04:11

Health: -4/14      AC:  2    Str:  9    XL:     2   Next: 62%
Magic:  0/7        EV: 12    Int: 23    God:
Gold:   66         SH:  0    Dex: 12    Spells: 6/7 levels left

rFire    . . .     SeeInvis .   g - +0 whip
rCold    . . .     Gourm    .   (no shield)
rNeg     . . .     Faith    .   a - +0 robe
rPois    .         Spirit   +   b - +0 hat
rElec    .         Reflect  .   (no cloak)
rCorr    .         Harm     .   (no gloves)
MR       .....                  (no boots)
Stlth    +.........             (no amulet)
HPRegen  0.04/turn              (no ring)
MPRegen  0.10/turn              (no ring)

@: confused, brilliant, lethally poisoned (-4 -> -10), flying
A: fangs 2, magic shield, antimagic bite, no potion heal 3, rot immunity
a: no special abilities


You were on level 4 of the Dungeon.
You were not hungry.

You visited 1 branch of the dungeon, and saw 4 of its levels.

You collected 66 gold pieces.

Inventory:

Hand Weapons
 g - a +0 whip (weapon)
Armour
 a - a +0 robe (worn)
 b - a +0 hat (worn)
Jewellery
 m - a +3 ring of dexterity {unknown}
Scrolls
 e - 3 scrolls of fear {unknown}
 h - a scroll of teleportation {unknown}
 i - a scroll of blinking {unknown}
Books
 c - a book of Minor Magic

   Spells                             Type                      Level
   a - Magic Dart                     Conjuration                  1
   b - Blink                          Translocation                2
   c - Call Imp                       Summoning                    2
   d - Slow                           Hexes                        2
   e - Conjure Flame                  Conjuration/Fire             3
   f - Mephitic Cloud                 Conjuration/Poison/Air       3
Comestibles
 d - 2 rations
 l - a chunk of flesh


   Skills:
 + Level 0.4 Fighting
 - Level 1.5 Dodging
 - Level 2.4 Stealth
 - Level 3.2 Spellcasting
 + Level 2.3 Conjurations
   Level 1.0 Summonings
   Level 1.0 Translocations


You had 6 spell levels left.
You knew the following spells:

 Your Spells              Type           Power        Failure   Level  Hunger
a - Magic Dart            Conj           ####         1%          1    None


Dungeon Overview and Level Annotations

Branches:
Dungeon (4/15)
 Temple: D:4-7

Altars:
Qazlal

Annotations:
D:3 dscm's ghost, weakling OpNe


Innate Abilities, Weirdness & Mutations

You have extremely sharp teeth.
When hurt, damage is shared between your health and your magic reserves.
Your bite disrupts and absorbs the magic of your enemies.
Potions cannot restore your health.
You are immune to rotting.


Message History

Unknown command.
It was a potion of flight.
You feel very buoyant.
You fly up into the air.
The worker ant bites you.
You are poisoned.
The worker ant poisons you! Something hits you.
It was a potion of magic.
Magic courses through your body.
You feel sick.
The worker ant bites you but does no damage.
The orc barely misses you. Something hits you.
The worker ant closely misses you.
Unknown command.
It was a potion of brilliance.
You feel clever all of a sudden.
You feel sick. The orc hits you with a flail.
You hear some strange, mumbled words.
A magic dart appears from out of thin air!
The magic dart hits you!
* * * LOW HITPOINT WARNING * * *
The worker ant bites you!
You die...

#......+...###_..+
#....(.#...###.### #
#......###.# #.# .#
...........###+###..#
....................#
....................#
....................#
######......#########
#......#.o{@..#
#......#..#oa.#
+#......#'###..#
.........o.##..#
...........#...#
...........#...#
...........##..#
##+###......####
#......#


You could see a worker ant and 2 orcs.

Vanquished Creatures
  A leopard gecko (D:3)
  An orc (D:3)
  A giant cockroach (D:2)
  A goblin (D:2)
  A hobgoblin (D:1)
  A quokka (D:3)
  A ball python (D:3)
  2 bats
  3 kobolds
  4 rats
16 creatures vanquished.

Notes
Turn   | Place    | Note
-------+----------+-------------------------------------------
     0 | D:1      | letownia2 the Vine Stalker Wizard began the quest for the Orb.
     0 | D:1      | Reached XP level 1. HP: 9/9 MP: 5/5
   323 | D:2      | Reached XP level 2. HP: 13/13 MP: 1/7
   646 | D:3      | Noticed dscm's ghost (weakling OpNe)
  1189 | D:4      | Found a stormy altar of Qazlal.
  1190 | D:4      | Noticed an ice beast
  1272 | D:4      | Slain by a worker ant

Skill      XL: |  1 |
---------------+----+-----
Conjurations   | 2 |  2.3
Fighting       | |  0.4
Dodging        | |  1.5
Stealth        | |  2.4
Spellcasting   | |  3.2
Summonings     | |  1.0
Translocations | |  1.0

Action                   || total
-------------------------++-------
Melee: Unarmed           ||    18
       Bite              ||     5
       Whip              ||     7
 Cast: Magic Dart        ||    42
  Use: Potion            ||     3
  Eat: Chunk             ||     1
Armor: Robe              ||     8
Dodge: Dodged            ||    42
